 Dungeon Crawl Stone Soup version 0.20-a0-1116-gaa52201 (webtiles) character file.

8705 MenacingMecha the Carver (level 11, -17/94 HPs)
             Began as a Deep Dwarf Fighter on May 8, 2017.
             Was a High Priest of Makhleb.
             Demolished by a white ugly thing (33 damage)
             ... on level 1 of the Lair of Beasts.
             The game lasted 00:56:57 (10058 turns).

MenacingMecha the Carver (Deep Dwarf Fighter)      Turns: 10058, Time: 00:56:58

Health: -17/94     AC: 12    Str: 23    XL:     11   Next: 13%
Magic:  9/9        EV: 15    Int: 10    God:    Makhleb [*****.]
Gold:   435        SH:  0    Dex: 15    Spells: 10/10 levels left

rFire    + + +     SeeInvis .   a - +1 long sword
rCold    . . .     Gourm    .   (no shield)
rNeg     . . .     Faith    .   t - +0 ring mail {rPois} {rPois}
rPois    +         Spirit   .   (no helmet)
rElec    .         Reflect  .   q - +0 cloak
rCorr    .         Harm     .   T - +2 pair of gloves of Happiness {rF++ Regen+}
MR       ++...     Clarity  +   D - +1 pair of boots
Stlth    ++........             (no amulet)
Regen    0.0/turn               k - ring of protection from fire {rF+}
MPRegen  0.2/turn               e - ring of protection from magic {MR+}

@: non-regenerating
A: damage resistance, heal wounds, clarity, clever 1, sense surroundings 2,
strong 1, no regeneration
a: Heal Wounds, Minor Destruction, Lesser Servant of Makhleb, Major Destruction,
Greater Servant of Makhleb, Renounce Religion


You were on level 1 of the Lair of Beasts.
You worshipped Makhleb.
Makhleb was extremely pleased with you.
You were not hungry.

You visited 3 branches of the dungeon, and saw 12 of its levels.
You also visited: Sewer and Ice Cave.

You collected 682 gold pieces.
You spent 247 gold pieces at shops.

Inventory:

Hand Weapons
 a - a +1 long sword (weapon)
Missiles
 v - 40 poisoned needles
 I - 279 stones
 J - 8 needles of sleeping
 M - a throwing net
 R - 3 tomahawks (quivered)
Armour
 q - a +0 cloak (worn)
   (You found it on level 1 of the Dungeon)
 t - a +0 ring mail of poison resistance (worn) {rPois}
   (You found it on level 2 of the Dungeon)
 D - a +1 pair of boots (worn)
   (You found it on level 3 of the Dungeon)
 T - the +2 pair of gloves of Happiness (worn) {rF++ Regen+}
   (You bought it in a shop on level 8 of the Dungeon)

   It greatly protects you from fire.
   It increases your rate of regeneration.
Jewellery
 e - a ring of protection from magic (right hand) {MR+}
   (You found it on level 1 of the Dungeon)
 k - a ring of protection from fire (left hand) {rF+}
   (You found it on level 1 of the Dungeon)
 O - an uncursed ring of see invisible {sInv}
   (You found it on level 7 of the Dungeon)
 V - an uncursed ring of magical power {MP+9}
   (You found it on level 10 of the Dungeon)
Wands
 c - a wand of iceblast (3/15)
   (You took it off a big kobold on level 8 of the Dungeon)
 L - a wand of iceblast (4/15)
   (You took it off an orc wizard on level 7 of the Dungeon)
 U - a wand of lightning (3/15)
   (You found it on level 9 of the Dungeon)
 W - a wand of acid (7/15)
   (You found it on level 10 of the Dungeon)
Scrolls
 o - 7 scrolls of identify
 u - 4 scrolls of remove curse
 y - 8 scrolls of teleportation
 z - 3 scrolls of magic mapping
 A - 3 scrolls of immolation
 K - a scroll of fog
 S - 3 scrolls of enchant armour
Potions
 b - 3 potions of invisibility
 d - 6 potions of flight
 l - 5 potions of curing
 n - 2 potions of haste
 s - a potion of berserk rage
 B - a potion of cancellation
 C - a potion of magic
 E - a potion of resistance
 F - a potion of heal wounds
 G - a potion of ambrosia
 H - 3 potions of lignification
Comestibles
 f - 8 bread rations
 g - 6 fruits
 i - 6 meat rations
 r - 25 royal jellies


   Skills:
 + Level 5.0 Fighting
 - Level 14.0 Long Blades
 - Level 4.1 Armour
 - Level 7.0 Dodging
 - Level 2.6 Stealth
   Level 3.2 Shields
 - Level 2.6 Invocations
 - Level 4.6 Evocations


You had 10 spell levels left.
You didn't know any spells.

Dungeon Overview and Level Annotations

Branches:
Dungeon (10/15)            Temple (1/1) D:5            Lair (1/6) D:8
    Orc (0/2) D:10

Altars:
Ashenzari
Cheibriados
Dithmenos
Elyvilon
Fedhas
Gozag
Hepliaklqana
Kikubaaqudgha
Makhleb
Okawaru
Qazlal
Ru
Trog
Uskayaw
Wu Jian
Xom
Yredelemnul
Zin
The Shining One

Shops:
D:8 =[

Annotations:
D:4 ogre
D:8 troll, two headed ogre
D:10 yrara's ghost, journeyman DsFi


Innate Abilities, Weirdness & Mutations

You are resistant to damage.
You can heal yourself by infusing magical energy.
You passively map the area around you.
You do not regenerate.
You possess an exceptional clarity of mind.
Your mind is acute. (Int +2)
Your muscles are strong. (Str +2)


Message History

Okay, then.
Put on which piece of jewellery? (? for menu, Esc to quit)
Okay, then.
As you read the scroll of magic mapping, it crumbles to dust.
You feel aware of your surroundings.
You sensed 1 shop/portal.
You now have 435 gold pieces (gained 12).
You feel much better.
Eating a chunk of flesh.
You eat the chunk of flesh.
This raw flesh tastes terrible.
You hear the faint crackling of a melting archway nearby.
F - a potion of heal wounds
Found a frozen archway.
There is a frozen archway here.
g - 6 fruits (gained 1)
There is a frozen archway here.
Drop what? 47/52 slots (_ for help) (? for menu, Esc to quit)
You drop a glowing large shield.
You drop a glowing falchion.
You drop a weird smoking staff.
You drop a dagger of electrocution.
You drop a gnarled glowing staff.
You drop a book of Power.
You drop the +11 battleaxe of Mourning {holy, *Slow rElec rC+ Str+3}.
As you read the scroll of identify, it crumbles to dust.
s - a potion of berserk rage
As you read the scroll of identify, it crumbles to dust.
W - a wand of acid (7/15)
As you read the scroll of identify, it crumbles to dust.
U - a wand of lightning (3/15)
As you read the scroll of identify, it crumbles to dust.
c - a wand of iceblast (3/15)
The world spins around you as you enter the gateway.
You enter an ice cave!
An ugly thing and 6 ice beasts come into view.
The white ugly thing gurgles horribly!
Found five items.
Found an ice covered gate leading back out of this place.
There is an ice choked empty arch of ancient stone here.
There is an ice covered gate leading back out of this place here.
You hit the ice beast.
The ice beast is lightly wounded.
You barely miss the ice beast.
The ice beast is lightly wounded.
The ice beast closely misses you. x2; The ice beast misses you.
You slash the ice beast!
The ice beast is heavily wounded.
The ice beast closely misses you.
You riposte.
You hit the ice beast.
The ice beast is severely wounded.
The ice beast hits you but does no damage.
You slash the ice beast!
You kill the ice beast!
Makhleb accepts your kill.
You feel better.
Your Fighting skill increases to level 5!
The ice beast closely misses you. The ice beast barely misses you.
You riposte.
You hit the ice beast.
The ice beast is lightly wounded.
The white ugly thing punches you but does no damage.
Welcome back to the Lair of Beasts!
There is a collapsed entrance here.
Items here: ))) : [ || The ice beast misses you.
A demon appears!
The ice beast misses you.
You hit the ice beast.
The ice beast is lightly wounded.
The ice beast closely misses you.
You riposte.
You hit the ice beast but do no damage.
The ice beast is lightly wounded.
The ice beast closely misses your neqoxec.
Your neqoxec hits the white ugly thing but does no damage.
The ice beast barely misses your neqoxec.
You hit the white ugly thing.
The white ugly thing is lightly wounded.
Your neqoxec hits the white ugly thing.
The ice beast barely misses your neqoxec.
You hit the white ugly thing.
The white ugly thing is moderately wounded.
The white ugly thing misses you.
Your neqoxec barely misses the white ugly thing.
You barely miss the white ugly thing.
The white ugly thing is moderately wounded.
The ice beast barely misses your neqoxec.
The white ugly thing punches you but does no damage.
You hit the white ugly thing but do no damage.
The white ugly thing is moderately wounded.
Your neqoxec hits the white ugly thing but does no damage.
The ice beast hits your neqoxec. The ice beast freezes your neqoxec!
You slice the white ugly thing!!
The white ugly thing is heavily wounded.
The white ugly thing punches you. The white ugly thing freezes you!
* * * LOW HITPOINT WARNING * * *
Your neqoxec gestures at the ice beast.
The ice beast twists and deforms.
You slash the white ugly thing!
The white ugly thing is severely wounded.
The ice beast hits your neqoxec. The ice beast freezes your neqoxec.
The white ugly thing punches you!
* * * LOW HITPOINT WARNING * * *
The white ugly thing freezes you!!
You die...

******** ####***** *,,,,,,*
##..#,**,**** *,****,,
#....,,,,,,,* *,* ***
####.P.#**,***,******,**
#......###***,,,,,,,,,,*
*#.....#3#####..##*,,,******
##.....YYu@.......,,,,,,,,,,
#...#...######.##P,,,***,*,,
##........# *,,,,,,,,******,
#..#.).#.## **,,,,,,,,,,,,,,
#........#******,,,,,,,,,,,,,
#..#.#.###..,,,,,,,,,,,,,*,,,
#.,#...# #.#****,,*,,,,,**,,,
*#,###.## #.# *,,*,,,,,***,,
*,,#...# #.# *,,*,,,,,,,,,,


You could see a white ugly thing, 2 ice beasts and a friendly neqoxec.

Vanquished Creatures
  The ghost of dricus the Thaumaturge, a novice DEFE of Vehumet (D:9)
  An unseen horror (D:10)
  A spiny frog (Lair:1)
  A queen bee (D:9)
  A hornet (D:8)
  A hippogriff (D:9)
  A wraith (D:7)
  4 wargs (D:10)
  A soldier ant (D:8)
  A porcupine (Lair:1)
  3 ice beasts
  2 sky beasts
  4 orc warriors
  3 phantoms
  5 ogres
  3 centaurs
  A crocodile (Lair:1)
  2 big kobolds
  5 bullfrogs
  3 scorpions
  24 killer bees (D:9)
  A howler monkey (D:5)
  4 crimson imps
  A centaur zombie (D:6)
  2 bullfrog zombies
  9 orc wizards
  3 centaur skeletons
  3 jellies
  8 orc priests
  2 bullfrog skeletons
  7 hounds
  A gnoll shaman (D:7)
  2 iguanas (D:7)
  8 worker ants
  A merfolk siren (Sewer)
  A merfolk avatar (Sewer)
  A hound zombie (D:8)
  3 worker ant zombies
  19 gnolls
  20 adders
  4 river rats
  5 shadow imps
  An adder zombie (D:9)
  An adder skeleton (D:8)
  2 worms
  A dart slug (D:2)
  10 leopard geckos
  54 orcs
  7 ball pythons
  6 giant cockroaches
  9 goblins
  5 hobgoblins
  20 jackals
  10 quokkas
  8 bats
  12 frilled lizards
  16 kobolds
  A leopard gecko zombie (D:5)
  A quokka zombie (D:7)
  30 rats
367 creatures vanquished.

Vanquished Creatures (collateral kills)
  A troll (D:9)
  An orc warrior (D:9)
  A killer bee (D:9)
  2 gnolls (D:9)
  An orc (D:9)
  2 kobolds (D:9)
8 creatures vanquished.

Grand Total: 375 creatures vanquished

Notes
Turn   | Place    | Note
-------+----------+-------------------------------------------
     0 | D:1      | MenacingMecha the Deep Dwarf Fighter began the quest for the Orb.
     0 | D:1      | Reached XP level 1. HP: 20/20 MP: 1/1
   290 | D:1      | Reached XP level 2. HP: 18/27 MP: 2/2
   394 | D:1      | Reached skill level 3 in Long Blades
   812 | D:2      | Reached XP level 3. HP: 15/33 MP: 3/3
  1047 | D:2      | Reached skill level 4 in Long Blades
  1203 | D:2      | Reached XP level 4. HP: 11/40 MP: 4/4
  1353 | D:3      | HP: 10/40 [adder (1)]
  1595 | D:3      | HP: 8/40 [adder (2)]
  1909 | D:3      | Reached skill level 5 in Long Blades
  2248 | D:4      | Reached XP level 5. HP: 28/46 MP: 5/5
  2502 | D:4      | Reached skill level 6 in Long Blades
  2557 | D:4      | Noticed an ogre
  2680 | D:4      | Reached XP level 6. HP: 36/55 MP: 5/5
  2694 | D:5      | Entered Level 5 of the Dungeon
  2820 | D:5      | Found a glowing drain.
  2840 | Sewer    | Entered a sewer
  3058 | Sewer    | Reached skill level 7 in Long Blades
  3196 | Sewer    | Reached skill level 1 in Dodging
  3253 | Sewer    | Identified a scroll of acquirement
  3270 | Sewer    | Gained mutation: You possess an exceptional clarity of mind. [potion of mutation]
  3270 | Sewer    | Gained mutation: Your mind is acute. (Int +2) [potion of mutation]
  3342 | D:5      | Found a staircase to the Ecumenical Temple.
  3351 | D:5      | Reached skill level 2 in Dodging
  3375 | Temple   | Entered the Ecumenical Temple
  3443 | Temple   | Became a worshipper of Makhleb the Destroyer
  3672 | D:5      | Reached skill level 3 in Dodging
  3672 | D:5      | Reached XP level 7. HP: 50/61 MP: 6/6
  3903 | D:5      | Found an iron altar of Okawaru.
  3961 | D:5      | Reached skill level 8 in Long Blades
  4187 | D:6      | Reached * piety under Makhleb
  4308 | D:5      | HP: 15/61 [orc warrior/short sword (12)]
  4433 | D:6      | HP: 14/61 [orc priest/divine providence (10)]
  4510 | D:6      | Reached XP level 8. HP: 22/68 MP: 6/6
  4709 | D:6      | HP: 15/68 [centaur zombie (6)]
  4712 | D:6      | Reached skill level 9 in Long Blades
  5343 | D:7      | Reached skill level 10 in Long Blades
  5532 | D:7      | Reached ** piety under Makhleb
  5543 | D:7      | Reached skill level 11 in Long Blades
  5545 | D:7      | Gained mutation: Your muscles are strong. (Str +2) [mutagenic meat]
  5720 | D:7      | Reached skill level 4 in Dodging
  5843 | D:7      | Gained mutation: You passively map the area around you. [Deep Dwarf growth]
  5843 | D:7      | Reached XP level 9. HP: 66/74 MP: 6/6
  6494 | D:7      | Got a pitted battleaxe {holy}
  6495 | D:7      | Identified the +11 battleaxe of Mourning {holy, *Slow rElec rC+ Str+3} (You took it off an orc wizard on level 7 of the Dungeon)
  7220 | D:6      | HP: 18/74 [orc/flail of protection (5)]
  7273 | D:6      | Reached skill level 12 in Long Blades
  7304 | D:8      | Found Bapixt's General Store.
  7316 | D:7      | Reached skill level 3 in Fighting
  7376 | D:8      | Found Ahaqanes's Antique Armour Boutique.
  7380 | D:8      | HP: 19/76 [hound (1)]
  7439 | D:7      | Reached *** piety under Makhleb
  7439 | D:7      | Reached skill level 5 in Dodging
  7471 | D:8      | Bought a pair of jewelled gloves for 247 gold pieces
  7481 | D:8      | Identified the +2 pair of gloves of Happiness {rF++ Regen+} (You bought it in a shop on level 8 of the Dungeon)
  7513 | D:8      | Found Riurirr's Jewellery Shop.
  7513 | D:8      | Noticed a hand axe
  7513 | D:8      | Noticed a dagger
  7514 | D:8      | Found a hide-covered altar of Uskayaw.
  7621 | D:8      | Paralysed by a hornet for 1 turns
  7623 | D:8      | Reached skill level 6 in Dodging
  7635 | D:8      | Reached skill level 7 in Dodging
  7873 | D:8      | Found a staircase to the Lair.
  7998 | D:8      | Noticed a troll
  8042 | D:9      | Reached XP level 10. HP: 66/84 MP: 6/6
  8129 | D:8      | Reached **** piety under Makhleb
  8129 | D:8      | Reached skill level 1 in Invocations
  8147 | D:8      | Noticed a two-headed ogre
  8249 | D:8      | Reached skill level 2 in Invocations
  8369 | D:9      | Noticed dricus's ghost (novice DEFE)
  8376 | D:9      | Reached skill level 4 in Fighting
  8387 | D:9      | HP: 18/85 [orc priest/divine providence (8)]
  8420 | D:10     | Entered Level 10 of the Dungeon
  8614 | D:10     | Found a staircase to the Orcish Mines.
  8620 | D:10     | Noticed an unseen horror
  8623 | D:10     | Killed an unseen horror
  8623 | D:10     | Reached skill level 13 in Long Blades
  8644 | D:10     | Noticed yrara's ghost (journeyman DsFi)
  8678 | D:9      | Reached skill level 1 in Evocations
  8693 | D:9      | Killed dricus's ghost
  8693 | D:9      | Reached skill level 4 in Evocations
  8781 | D:9      | HP: 17/86 [killer bee (9)]
  8893 | D:9      | HP: 17/86 [troll (14)]
  8914 | D:9      | Reached skill level 14 in Long Blades
  8993 | D:9      | Reached skill level 1 in Stealth
  9124 | D:9      | Reached ***** piety under Makhleb
  9128 | D:9      | HP: 16/86 [orc warrior/halberd (6)]
  9139 | D:9      | Reached skill level 2 in Stealth
  9393 | D:9      | Reached XP level 11. HP: 36/92 MP: 9/9
  9475 | D:9      | Noticed a two-headed ogre
  9867 | D:8      | Reached skill level 4 in Armour
  9895 | Lair:1   | Entered Level 1 of the Lair of Beasts
  9925 | Lair:1   | HP: 19/93 [spiny frog (13)]
  9936 | Lair:1   | HP: 9/93 [crocodile (10)]
 10015 | Lair:1   | Found a frozen archway.
 10034 | IceCv    | Entered an ice cave
 10034 | IceCv    | Noticed a white ugly thing
 10041 | IceCv    | Reached skill level 5 in Fighting
 10058 | Lair:1   | HP: 16/94 [white ugly thing (10)]
 10058 | Lair:1   | Demolished by a white ugly thing

Vault maps used:
D:1:      dpeg_arrival_orchard
D:4:      lemuel_blue_sif_altar, first_bread, uniq_blork_the_orc
D:5:      minmay_temple_entry_large_hall, gup_sewer_entry_bubbles,
          okawaru_trees_1
D:7:      cheibrodos_barr_body
D:8:      minmay_bloctagon, dancing_weapons_uskayaw, serial_shops,
          shop_fountains, nicolae_shop_temple_entry_statues_fountains,
          nicolae_shop_crystal, hangedman_pestilent_swarm, hangedman_decor_push
D:9:      amethyst_overflow_temple_binary, special_room
D:10:     minmay_orc_entry_guard_dogs, uniq_joseph
Temple:   dpeg_five_rooms_temple
Lair:1:   portal_ice_cave_entry_pillars_1, gammafunk_lair_bear_cave,
          grunt_megastairs_4
Sewer:    sewer_sea
IceCv:    ice_cave_statue_garden_teleport

Skill      XL: |  1  2  3  4  5  6  7  8  9 10 11 |
---------------+----------------------------------+-----
Long Blades    | 3 4 5 6 7 8 11 12 14 | 14.0
Dodging        | 3 4 7 |  7.0
Fighting       | 3 4 5 |  5.0
Invocations    | 2 |  2.6
Evocations     | 4 |  4.6
Stealth        | 2 |  2.6
Armour         | 4 |  4.1
Shields        | |  3.2

Action                   |  1- 3 |  4- 6 |  7- 9 | 10-12 || total
-------------------------+-------+-------+-------+-------++-------
Melee: Long sword        |   109 |   287 |   592 |   436 ||  1424
Throw: Stone             |       |       |    16 |       ||    16
       Tomahawk          |       |       |     4 |     9 ||    13
Invok: Lesser Servant of |       |       |       |     4 ||     4
 Abil: Heal Wounds       |       |     5 |     9 |     7 ||    21
Evoke: Wand              |       |       |       |     1 ||     1
  Use: Scroll            |       |    12 |     1 |    10 ||    23
       Potion            |       |     6 |     1 |       ||     7
  Eat: Chunk             |     1 |     8 |    16 |     8 ||    33
Armor: Scale mail        |    49 |       |       |       ||    49
       Ring mail         |    25 |   143 |   171 |   121 ||   460
Dodge: Dodged            |    92 |   155 |   291 |   315 ||   853
       Rpst.: Long sword |    29 |    50 |    93 |   102 ||   274

Vault maps used:
D:1:      dpeg_arrival_orchard
D:4:      lemuel_blue_sif_altar, first_bread, uniq_blork_the_orc
D:5:      minmay_temple_entry_large_hall, gup_sewer_entry_bubbles,
          okawaru_trees_1
D:7:      cheibrodos_barr_body
D:8:      minmay_bloctagon, dancing_weapons_uskayaw, serial_shops,
          shop_fountains, nicolae_shop_temple_entry_statues_fountains,
          nicolae_shop_crystal, hangedman_pestilent_swarm, hangedman_decor_push
D:9:      amethyst_overflow_temple_binary, special_room
D:10:     minmay_orc_entry_guard_dogs, uniq_joseph
Temple:   dpeg_five_rooms_temple
Lair:1:   portal_ice_cave_entry_pillars_1, gammafunk_lair_bear_cave,
          grunt_megastairs_4
Sewer:    sewer_sea
IceCv:    ice_cave_statue_garden_teleport

Table legend:
 A = Turns spent in this place as a percentage of turns spent in the entire game.
 B = Non-inter-level travel turns spent in this place as a percentage of non-inter-level travel turns spent in the entire game.
 C = Inter-level travel turns spent in this place as a percentage of turns spent in this place.
 D = Turns resting spent in this place as a percentage of non-inter-level travel turns spent in this place.
 E = Turns spent auto-exploring this place as a percentage of non-inter-level travel turns spent in this place.
 F = Non-inter-level travel turns spent in this place divided by the number of levels of this place that you've seen.
                   A       B       C       D       E      F
               +-------+-------+-------+-------+-------+----------------------
         Total | 100.0 | 100.0 |   0.6 |   1.1 |   2.4 | 384.9
       Dungeon |  89.9 |  89.9 |   0.6 |   1.1 |   2.4 | 484.3
        Temple |   0.6 |   0.6 |   6.2 |   0.0 |  36.7 |  30.0
          Lair |   1.5 |   1.5 |   1.2 |   0.0 |   0.0 |  82.0
         Sewer |   7.9 |   7.9 |   0.0 |   0.5 |   0.0 | 426.0
      Ice Cave |   0.1 |   0.1 |   0.0 |   0.0 |   0.0 |   8.0
               +-------+-------+-------+-------+-------+----------------------

Table legend:
 A = Kills in this place as a percentage of kills in entire the game.
 B = Kills by you in this place as a percentage of kills by you in the entire game.
 C = Kills by friends in this place as a percentage of kills by friends in the entire game.
 D = Other kills in this place as a percentage of other kills in the entire game.
 E = Experience gained in this place as a percentage of experience gained in the entire game.
 F = Experience gained in this place divided by the number of levels of this place that you have seen.
                   A       B       C       D       E      F
               +-------+-------+-------+-------+-------+----------------------
         Total | 100.0 | 100.0 | 100.0 |  -nan | 100.0 | 888.3
       Dungeon |  88.5 |  88.3 | 100.0 |  -nan |  92.2 | 1147.0
          Lair |   0.8 |   0.8 |   0.0 |  -nan |   5.5 | 685.0
         Sewer |  10.4 |  10.6 |   0.0 |  -nan |   1.2 | 148.0
      Ice Cave |   0.3 |   0.3 |   0.0 |  -nan |   1.1 | 133.0
               +-------+-------+-------+-------+-------+----------------------
